 Dungeon Crawl Stone Soup version 0.29.0-4-gdea44cf6ec (webtiles) character file.

Game seed: 14628515929902926342

27 qw the Chopper (level 3, -1/21 HPs)
             Began as a Tengu Warper on Aug 28, 2022.
             Succumbed to their own poison gas
             ... on level 1 of the Dungeon.
             The game lasted 00:00:05 (760 turns).

qw the Chopper (Tengu Warper)                        Turns: 760, Time: 00:00:05

Health: -1/21      AC:  3    Str: 13    XL:     3   Next: 10%
Magic:  7/7        EV: 12    Int: 13    God:
Gold:   47         SH:  0    Dex: 13    Spells: 6/6 levels left

rFire   . . .      SeeInvis .   Y - +0 hand axe
rCold   . . .      Faith    .   (no shield)
rNeg    . . .      Spirit   .   b - +0 leather armour
rPois   .          Reflect  .   (helmet restricted)
rElec   .          Harm     .   (no cloak)
rCorr   .          Rampage  .   (no gloves)
Will    .....                   (boots unavailable)
Stlth   +.........              (no amulet)
HPRegen 0.07/turn               (no ring)
MPRegen 0.10/turn               (no ring)

@: lethally poisoned (-1 -> -13)
A: beak, talons 3
a: no special abilities


You were on level 1 of the Dungeon.
You visited 1 branch of the dungeon, and saw 1 of its levels.

You collected 47 gold pieces.


Innate Abilities, Weirdness & Mutations

You have a beak for a mouth.
You have claws for feet.


   Skills:
 - Level 2.0 Fighting
 + Level 3.8 Axes
 - Level 1.0 Throwing
 - Level 1.1 Armour
 - Level 2.1 Dodging
 - Level 2.0 Spellcasting
 - Level 2.4 Translocations


You had 6 spell levels left.
You didn't know any spells.
Your spell library contained the following spells:

 Spells                   Type           Power      Damage    Failure   Level
 Blink                    Tloc           14%        N/A       19%         2
 Gell's Gravitas          Tloc           7%         N/A       36%         3
 Lesser Beckoning         Tloc           7%         N/A       36%         3
 Teleport Other           Tloc           7%         N/A       36%         3
 Manifold Assault         Tloc           7%         N/A       98%         5

Inventory:

Hand Weapons
 d - a +0 whip
 Y - a +0 hand axe (weapon)
Armour
 b - a +0 leather armour (worn)
Scrolls
 g - a scroll of identify
Potions
 e - a potion of curing {unknown}

Dungeon Overview and Level Annotations

Branches:
Dungeon (1/15)

Altars:

Annotations:
D:1 2 transporters


Message History

HP restored.
g - 2 scrolls labelled GIMEB HIOXZEA (gained 1)
A frilled lizard comes into view.
You hit the frilled lizard. You claw the frilled lizard.
You kill the frilled lizard!
You see here a frilled lizard corpse.
You see here a frilled lizard corpse.
Found a stone.
You see here a frilled lizard corpse.
Partly explored, unvisited transporter.
Partly explored, unvisited transporter.
755 ||| READING scroll labelled HOOSTR KYTUVE.
The air fills with toxic fumes!
As you read the scroll labelled HOOSTR KYTUVE, it crumbles to dust.
It was a scroll of poison.
Partly explored, unvisited transporter.
756 ||| READING 2 scrolls labelled GIMEB HIOXZEA.
As you read the scroll labelled GIMEB HIOXZEA, it crumbles to dust.
It is a scroll of identify.
Really abort (and waste the scroll)?
Partly explored, unvisited transporter.
757 ||| DROPPING scroll of blinking.
You drop a scroll of blinking.
Partly explored, unvisited transporter.
(D) Dungeon
Where to? (* - list waypoints, ? - help)
What level of the Dungeon? (default 1, ? - help) Sorry, I don't know how to get there.
Partly explored, unvisited transporter.
758 ||| Stepping randomly (stuck).
Really walk into that cloud of poison gas?
You enter the shallow water.
Moving in this stuff is going to be slow.
You are engulfed in poison gas.
You are lethally poisoned!
You feel very sick.
759 ||| Stepping ~*~*~tactically~*~*~ (cloud).
You feel very sick.
You see here a scroll of blinking.
There is a lethal amount of poison in your body!
You die...

#........# #...###......
#........# ###.....##...
######.### #####...###
#%# ###.... #.# ###..
#.########### #..
#.##¤¤¤¤¤¤¤¤#### #.#
#.#¤¤¤¤¤¤¤¤¤¤0¤########.#
#.#¤¤0¤¤@0¤¤¤¤0~~~##....#
#¤¤¤¤¤¤¤0¤¤¤0¤¤~~~~#.####
##¤¤¤0¤¤¤8¤0¤¤¤~~~~~.#
#0¤¤0¤¤¤0¤¤¤¤0~~~~~.####
##¤¤¤¤¤¤¤0¤¤0¤~~~~~....#
#¤¤¤¤¤¤¤¤¤0¤0.~~~...#.#
#¤¤0¤¤0¤¤¤¤8¤.~~~~..#..
##0¤¤¤¤¤¤0¤¤¤.~~~~#####
##~~~~~~~~~.~~~~~#


There were no monsters in sight!

Vanquished Creatures
  A dart slug (D:1)
  7 goblins (D:1)
  2 hobgoblins (D:1)
  4 kobolds (D:1)
  2 quokkas (D:1)
  A ball python (D:1)
  4 bats (D:1)
  A frilled lizard (D:1)
22 creatures vanquished.

Notes
Turn   | Place    | Note
-------+----------+-------------------------------------------
     0 | D:1      | qw the Tengu Warper began the quest for the Orb.
     0 | D:1      | Reached XP level 1. HP: 12/12 MP: 4/4
     0 | D:1      | 0 ||| qw: Version: 0.1-a-89-g26bdef1
     0 | D:1      | 0 ||| qw: Game counter: 2019
     0 | D:1      | 0 ||| qw: Always use a shield: true
     0 | D:1      | 0 ||| qw: God list: Okawaru
     0 | D:1      | 0 ||| qw: Allow faded altars: false
     0 | D:1      | 0 ||| qw: Do Orc after D:15 true
     0 | D:1      | 0 ||| qw: Do second Lair branch before Depths: true
     0 | D:1      | 0 ||| qw: Lair rune preference: random
     0 | D:1      | 0 ||| qw: Plans: Normal
     0 | D:1      | 0 ||| PLANNING D:1-11
    65 | D:1      | Reached XP level 2. HP: 16/17 MP: 6/6
    72 | D:1      | 72 ||| DROPPING +0 club.
    97 | D:1      | Reached skill level 3 in Axes
   444 | D:1      | Reached XP level 3. HP: 18/21 MP: 7/7
   755 | D:1      | 755 ||| READING scroll labelled HOOSTR KYTUVE.
   756 | D:1      | 756 ||| READING 2 scrolls labelled GIMEB HIOXZEA.
   757 | D:1      | 757 ||| DROPPING scroll of blinking.
   758 | D:1      | 758 ||| Stepping randomly (stuck).
   759 | D:1      | 759 ||| Stepping ~*~*~tactically~*~*~ (cloud).
   759 | D:1      | HP: 2/21 [poisoned by you (poison gas)]
   760 | D:1      | Succumbed to their own poison gas

Levels and vault maps discovered:
D:1:      spicycebolla_arrival_transporter_tutorial, layout_basic

Skill      XL: |  1  2 |
---------------+-------+-----
Axes           | 3 |  3.8
Fighting       | |  2.0
Throwing       | |  1.0
Armour         | |  1.1
Dodging        | |  2.1
Spellcasting   | |  2.0
Translocations | |  2.4

Action                   || total
-------------------------++-------
Melee: Hand axe          ||    44
       Peck              ||     5
       Kick              ||    10
Throw: Boomerang         ||     7
  Use: Scroll            ||     2
Armor: Leather armour    ||     6
Dodge: Dodged            ||    30

Table legend:
 A = Non-vault XP
 B = Vault XP
 C = Vault XP percentage of total XP
 D = Non-vault monster count
 E = Vault monster count
 F = Vault count percentage of total count
                 A         B        C        D         E       F
            +---------+---------+-------+---------+---------+-------
      Total |      39 |       0 |   0.0 |      22 |       0 |   0.0
            +---------+---------+-------+---------+---------+-------
        D:1 |      39 |       0 |   0.0 |      22 |       0 |   0.0
            +---------+---------+-------+---------+---------+-------
